 Dungeon Crawl Stone Soup version 0.29-a0-575-g0dc89cf053 (webtiles) character file.

Game seed: 5541647895323156529

520 DocClef the Covert (level 7, -1/60 HPs)
             Began as a Gnoll Delver on June 12, 2022.
             Slain by a centaur (3 damage)
             ... on level 5 of the Dungeon.
             The game lasted 00:00:30 (259 turns).

DocClef the Covert (Gnoll Delver)                    Turns: 259, Time: 00:00:30

Health: -1/60      AC:  3    Str: 11    XL:     7   Next: 21%
Magic:  4/10       EV: 13    Int: 10    God:
Gold:   0          SH:  0    Dex: 15    Spells: 10/10 levels left

rFire   . . .      SeeInvis .   a - +0 short sword
rCold   . . .      Faith    .   (no shield)
rNeg    . . .      Spirit   .   b - +0 leather armour
rPois   .          Reflect  .   (no helmet)
rElec   .          Harm     .   (no cloak)
rCorr   .          Rampage  .   (no gloves)
Will    .....                   (no boots)
Stlth   ++++......              (no amulet)
HPRegen 0.20/turn               (no ring)
MPRegen 0.12/turn               (no ring)

@: no status effects
A: fangs 1, strong nose, distributed training
a: no special abilities


You were on level 5 of the Dungeon.
You visited 1 branch of the dungeon, and saw 1 of its levels.

Inventory:

Hand Weapons
 a - a +0 short sword (weapon)
Armour
 b - a +0 leather armour (worn)
Wands
 g - a wand of digging (3)
Scrolls
 c - a scroll of fog
 d - a scroll of magic mapping
 e - a scroll of fear
 h - a scroll of immolation {unknown}
Potions
 f - a potion of haste


   Skills:
 + Level 7.0 Fighting
 + Level 5.2 Short Blades
 + Level 2.3 Long Blades
 + Level 2.3 Axes
 + Level 2.3 Maces & Flails
 + Level 2.3 Polearms
 + Level 2.3 Staves
 + Level 2.3 Slings
 + Level 2.3 Bows
 + Level 2.3 Crossbows
 + Level 2.3 Throwing
 + Level 2.3 Armour
 + Level 5.2 Dodging
 + Level 9.9 Stealth
 + Level 2.3 Shields
 + Level 2.3 Unarmed Combat
 + Level 2.3 Spellcasting
 + Level 1.9 Conjurations
 + Level 1.9 Hexes
 + Level 1.9 Summonings
 + Level 1.9 Necromancy
 + Level 1.9 Translocations
 + Level 1.9 Transmutations
 + Level 1.9 Fire Magic
 + Level 1.9 Ice Magic
 + Level 1.9 Air Magic
 + Level 1.9 Earth Magic
 + Level 1.9 Poison Magic
 + Level 2.6 Invocations
 + Level 2.3 Evocations


You had 10 spell levels left.
You didn't know any spells.
Your spell library was empty.

Dungeon Overview and Level Annotations

Branches:
Dungeon (5/15)
 Temple: D:4-7

Altars:


Innate Abilities, Weirdness & Mutations

You have very sharp teeth.
Your uncanny sense of smell can sniff out nearby items.
Your experience applies equally to all skills.


Message History

Your Polearms skill gained 2 levels and is now at level 2!
Your Staves skill gained 2 levels and is now at level 2!
Your Slings skill gained 2 levels and is now at level 2!
Your Bows skill gained 2 levels and is now at level 2!
Your Crossbows skill gained 2 levels and is now at level 2!
Your Throwing skill gained 2 levels and is now at level 2!
Your Armour skill gained 2 levels and is now at level 2!
Your Dodging skill increases to level 5!
Your Shields skill gained 2 levels and is now at level 2!
Your Unarmed Combat skill gained 2 levels and is now at level 2!
Your Spellcasting skill gained 2 levels and is now at level 2!
Your Conjurations skill increases to level 1!
Your Hexes skill increases to level 1!
Your Summonings skill increases to level 1!
Your Necromancy skill increases to level 1!
Your Translocations skill increases to level 1!
Your Transmutations skill increases to level 1!
Your Fire Magic skill increases to level 1!
Your Ice Magic skill increases to level 1!
Your Air Magic skill increases to level 1!
Your Earth Magic skill increases to level 1!
Your Poison Magic skill increases to level 1!
Your Invocations skill increases to level 2!
Your Evocations skill gained 2 levels and is now at level 2!
You have reached level 4!
You feel clever.
You have reached level 5!
You have reached level 6!
You have reached level 7!
You barely miss the centaur. You bite the centaur, but do no damage.
The centaur misses you. The centaur closely misses you.
Unknown command.
You hit the centaur.
The centaur is lightly wounded.
The centaur barely misses you. x2; The scorpion closely misses you.
Unknown command.
You completely miss the centaur.
The centaur is lightly wounded.
The centaur hits you.
You die...

#.# #.# ####
####### #.##...#.
......# #.#......
#####.# #§.......
#.# #.§§..... #.#
#.###cs...... #.#
#...§@# ## #.#
#####.#
.####.##########.#
.................#
.####.############
## #.# ###.#######
#>.........
#.#.#######


You could see a centaur and a scorpion.

Vanquished Creatures
  Pikel (D:5)
  A howler monkey (D:5)
  A dart slug (D:5)
3 creatures vanquished.

Vanquished Creatures (others)
  20 plants (D:5)
20 creatures vanquished.

Grand Total: 23 creatures vanquished

Notes
Turn   | Place    | Note
-------+----------+-------------------------------------------
     0 | D:5      | Reached skill level 9 in Stealth
     0 | D:5      | DocClef the Gnoll Delver began the quest for the Orb.
     0 | D:5      | Reached XP level 1. HP: 23/23 MP: 1/1
    77 | D:5      | Noticed a howler monkey
    86 | D:5      | Killed a howler monkey
    87 | D:5      | Reached skill level 1 in Invocations
    87 | D:5      | Reached XP level 2. HP: 21/29 MP: 1/3
    87 | D:5      | Reached XP level 3. HP: 25/35 MP: 1/4
   180 | D:5      | Noticed a gnoll sergeant
   239 | D:5      | Noticed Pikel
   239 | D:5      | Noticed a lemure
   242 | D:5      | Noticed a lemure
   242 | D:5      | Noticed a centaur
   243 | D:5      | Noticed a lemure
   246 | D:5      | Noticed a lemure
   256 | D:5      | Killed Pikel
   256 | D:5      | Noticed a scorpion
   256 | D:5      | HP: 1/35 [centaur (1)]
   257 | D:5      | Reached skill level 5 in Short Blades
   257 | D:5      | Reached skill level 5 in Dodging
   257 | D:5      | Reached skill level 1 in Conjurations
   257 | D:5      | Reached skill level 1 in Hexes
   257 | D:5      | Reached skill level 1 in Summonings
   257 | D:5      | Reached skill level 1 in Necromancy
   257 | D:5      | Reached skill level 1 in Translocations
   257 | D:5      | Reached skill level 1 in Transmutations
   257 | D:5      | Reached skill level 1 in Fire Magic
   257 | D:5      | Reached skill level 1 in Ice Magic
   257 | D:5      | Reached skill level 1 in Air Magic
   257 | D:5      | Reached skill level 1 in Earth Magic
   257 | D:5      | Reached skill level 1 in Poison Magic
   257 | D:5      | Reached XP level 4. HP: 1/43 MP: 4/7
   257 | D:5      | Reached XP level 5. HP: 1/48 MP: 4/8
   257 | D:5      | Reached XP level 6. HP: 2/55 MP: 4/9
   257 | D:5      | Reached XP level 7. HP: 2/60 MP: 4/10
   259 | D:5      | Slain by a centaur

Illustrated notes

Levels and vault maps discovered:
D:5:      layout_loops_ring, serial_shops, shop, nicolae_shop_hallway_plus,
          nicolae_shop_hallway_stairs, shop, nicolae_shop_statue_plus,
          nicolae_grassy_gnolls, uniq_pikel

Skill      XL: |  1  2  3 |
---------------+----------+-----
Stealth        | |  9.9
Invocations    | 1 2 |  2.6
Fighting       | 7 |  7.0
Short Blades   | 5 |  5.2
Long Blades    | 2 |  2.3
Axes           | 2 |  2.3
Maces & Flails | 2 |  2.3
Polearms       | 2 |  2.3
Staves         | 2 |  2.3
Slings         | 2 |  2.3
Bows           | 2 |  2.3
Crossbows      | 2 |  2.3
Throwing       | 2 |  2.3
Armour         | 2 |  2.3
Dodging        | 5 |  5.2
Shields        | 2 |  2.3
Unarmed Combat | 2 |  2.3
Spellcasting   | 2 |  2.3
Conjurations   | 1 |  1.9
Hexes          | 1 |  1.9
Summonings     | 1 |  1.9
Necromancy     | 1 |  1.9
Translocations | 1 |  1.9
Transmutations | 1 |  1.9
Fire Magic     | 1 |  1.9
Ice Magic      | 1 |  1.9
Air Magic      | 1 |  1.9
Earth Magic    | 1 |  1.9
Poison Magic   | 1 |  1.9
Evocations     | 2 |  2.3

Action                   |  1- 3 |  4- 6 |  7- 9 || total
-------------------------+-------+-------+-------++-------
Melee: Short sword       |    27 |       |     3 ||    30
       Bite              |     3 |       |     1 ||     4
 Stab: Sleeping          |     1 |       |       ||     1
Armor: Leather armour    |     3 |       |       ||     3
Dodge: Dodged            |    18 |       |     5 ||    23

Table legend: (Time is in decaauts)
 A = Elapsed time spent in this place.
 B = Non-inter-level travel time spent in this place.
 C = Inter-level travel time spent in this place.
 D = Time resting spent in this place.
 E = Time spent auto-exploring this place.
 F = Levels seen in this place.
 G = Mean time per level.
                   A        B        C        D        E       F      G
               +--------+--------+--------+--------+--------+-----+--------+
         Total |    255 |    255 |      0 |      0 |    164 |   1 |  255.0 |
       Dungeon |    255 |    255 |      0 |      0 |    164 |   1 |  255.0 |
               +--------+--------+--------+--------+--------+-----+--------+

Top non-repeatable levels by time:
     D:5: 255 daAuts
